 Dungeon Crawl Stone Soup version 0.19.5 (webtiles) character file.

139 JeffiDaFish the Shield-Bearer (level 5, -2/33 HPs)
             Began as a Gargoyle Fighter on Apr 25, 2017.
             Killed from afar by Natasha (5 damage)
             ... with a magic dart
             ... on level 3 of the Dungeon.
             The game lasted 00:04:46 (2184 turns).

JeffiDaFish the Shield-Bearer (Gargoyle Fighter)    Turns: 2184, Time: 00:04:46

Health: -2/33      AC: 14    Str: 25    XL:     5   Next: 22%
Magic:  5/5        EV:  6    Int:  8    God:
Gold:   119        SH: 10    Dex: 10    Spells: 0 memorised, 4 levels left

rFire  . . .     SeeInvis .     a - +1 flail
rCold  . . .     Gourm    .     e - +0 chain mail
rNeg   + . .     Faith    .     c - +0 shield
rPois  ∞         Spirit   .     (no helmet)
rElec  +         Reflect  .     (no cloak)
rCorr  .         Harm     .     (no gloves)
MR     .....                    g - +0 pair of boots
Stlth  ..........               (no amulet)
                                (no ring)
                                (no ring)

@: mighty, slowed, very slow
A: negative energy resistance 1, electricity resistance, unbreathing,
petrification resistance, rot immunity, AC +4
a: no special abilities


You were on level 3 of the Dungeon.
You were not hungry.

You visited 1 branch of the dungeon, and saw 3 of its levels.

You collected 119 gold pieces.

Inventory:

Hand Weapons
 a - a +1 flail (weapon)
Armour
 c - a +0 shield (worn)
 e - a +0 chain mail (worn)
 g - a +0 pair of boots (worn)
Wands
 l - a wand of iceblast (6/15)
Scrolls
 b - a scroll of remove curse
Potions
 j - a potion of agility {unknown}
 k - a potion of resistance {unknown}
Comestibles
 f - 3 bread rations
 h - 8 chunks of flesh
 i - a slice of pizza


   Skills:
 + Level 3.7 Fighting
 + Level 3.7 Maces & Flails
 + Level 4.0 Armour
 + Level 0.5 Dodging
 + Level 4.1 Shields


You had 4 spell levels left.
You didn't know any spells.

Dungeon Overview and Level Annotations

Branches:
Dungeon (3/15)

Altars:

Annotations:
D:3 Natasha


Innate Abilities, Weirdness & Mutations

You are resistant to torment.
Your stone body is resilient. (AC +4)
You are immune to poison.
You resist negative energy. (rN+)
You are resistant to electric shocks. (rElec)
You can survive without breathing.
You are immune to petrification.
You are immune to rotting.


Message History

You barely miss Natasha.
Natasha is moderately wounded.
You block Natasha's attack. Natasha claws you.
* * * LOW HITPOINT WARNING * * *
Natasha stares at you and mumbles some strange words.
The magic dart hits you!
You feel very mighty all of a sudden. You block Natasha's attack.
You barely miss Natasha.
Natasha is moderately wounded.
Natasha claws you but does no damage.
Natasha howls an incantation.
Natasha glows brightly for a moment.
Natasha claws you but does no damage.
Your chain mail prevents you from hitting Natasha.
Natasha is moderately wounded.
You block Natasha's attack. Natasha casts a spell at you.
The magic dart hits you!
You die...

#########....#.#[#.#
#....#..#..
.............#.#.#.#
#.......#..
....<..#####.#
#.#.####.##)...#..
.....#.# #.#
#.........#..#.#..
####.#.# #.#
###.#######..#.#..
####.#.## .# ..#.#
#..#.#.. #.......#
#.#.#######..#.#..
#.......#
#h#..(.#.....#.#..
#.......#
##@#.##.#.##.##.#..
#.......#
+....#.........<#..
#.......#
##.#.#.##.##.####..
#.......#
#.#.#>............
#.......#
#.#.#....##.#####.
####.#.##
#.#.#####.........
#.#.# #.#.#
#.#.###### #. .#
#.#.# #.... ...
#.#.# # ... ..#


You could see Natasha.

Vanquished Creatures
  5 adders
  An ooze (D:2)
  2 worms
  A dart slug (D:1)
  8 leopard geckos
  2 orcs (D:3)
  5 giant cockroaches
  6 hobgoblins
  3 jackals (D:2)
  7 bats
  7 frilled lizards
  10 goblins
  7 kobolds
  7 rats
71 creatures vanquished.

Notes
Turn   | Place    | Note
-------+----------+-------------------------------------------
     0 | D:1      | JeffiDaFish the Gargoyle Fighter began the quest for the Orb.
     0 | D:1      | Reached XP level 1. HP: 14/14 MP: 1/1
    24 | D:1      | Reached XP level 2. HP: 8/19 MP: 2/2
   746 | D:1      | Reached XP level 3. HP: 21/23 MP: 3/3
  1252 | D:2      | Reached XP level 4. HP: 27/29 MP: 4/4
  2067 | D:3      | Reached XP level 5. HP: 16/33 MP: 5/5
  2170 | D:3      | Noticed Natasha
  2184 | D:3      | Killed from afar by Natasha

Skill      XL: |  1  2  3  4 |
---------------+-------------+-----
Maces & Flails | 3 |  3.7
Shields        | 4 |  4.1
Armour         | 4 |  4.0
Fighting       | |  3.7
Dodging        | |  0.5

Action                   |  1- 3 |  4- 6 || total
-------------------------+-------+-------++-------
Melee: Flail             |   179 |   141 ||   320
  Use: Scroll            |     2 |     5 ||     7
       Potion            |     1 |     3 ||     4
 Stab: Invisible         |       |     1 ||     1
  Eat: Chunk             |     2 |     3 ||     5
Armor: Scale mail        |    50 |       ||    50
       Chain mail        |    96 |    99 ||   195
Dodge: Dodged            |    40 |    37 ||    77
Block: Shield            |   126 |    79 ||   205
